TOP OF THE 1ST |
Miami Beach Marlins batting - Pitching for Americus Braves : RHP Jose Clemente
|
Pitching: RHP Jose Clemente
|
|
Batting: RHB Hikaru Nakata
|
0-0: Foul Ball, location: 2F 0-1: Ball 1-1: Called Strike 1-2: Foul Ball, location: 2F 1-2: Ball 2-2: Fly out, F9 (Flyball, 9D, EV 109.4 MPH)
|
Batting: RHB Melvin Nava
|
0-0: Ball 1-0: Fly out, F7 (Flyball, 7, EV 93.1 MPH)
|
Batting: RHB Scott Talbot
|
0-0: Called Strike 0-1: Foul Ball, location: 2F 0-2: SOLO HOME RUN (Flyball, 7D, EV 101.9 MPH), Distance : 399 ft
|
Batting: RHB Orlando Melendres
|
0-0: Called Strike 0-1: Ball 1-1: Swinging Strike 1-2: DOUBLE (Line Drive, 78D, EV 103.1 MPH)
|
Batting: RHB Troy Bush
|
0-0: Ball 1-0: Fly out, F7 (Flyball, 7D, EV 87.5 MPH)
|
Top of the 1st over - 1 run, 2 hits, 0 errors, 1 left on base; Miami Beach 1 - Americus 0 |
BOTTOM OF THE 1ST |
Americus Braves batting - Pitching for Miami Beach Marlins : RHP Leon Valle
|
Pitching: RHP Leon Valle
|
|
Batting: RHB Danny Dimas
|
0-0: Ball 1-0: Foul Ball, location: 2F 1-1: Foul Ball, location: 2F 1-2: Fly out, F8 (Line Drive, 8RM, EV 90.6 MPH)
|
Batting: LHB Ivan Castillo
|
0-0: Called Strike 0-1: Ball 1-1: Ball 2-1: Swinging Strike 2-2: Foul Ball, location: 2F 2-2: Foul Ball, location: 2F 2-2: Strikes out swinging
|
Batting: RHB Carlos Livas
|
0-0: Foul Ball, location: 2F 0-1: Foul Ball, location: 2F 0-2: Ball 1-2: Ground out 6-3 (Groundball, P, EV 81.2 MPH)
|
Bottom of the 1st over - 0 runs, 0 hits, 0 errors, 0 left on base; Miami Beach 1 - Americus 0 |
TOP OF THE 2ND |
Miami Beach Marlins batting - Pitching for Americus Braves : RHP Jose Clemente
|
Batting: RHB Kazumi Inouye
|
0-0: Ball 1-0: Swinging Strike 1-1: Ball 2-1: Foul Ball, location: 2F 2-2: Foul Ball, location: 2F 2-2: Foul Ball, location: 2F 2-2: Strikes out looking
|
Batting: SHB Emmet Brickowski
|
0-0: Ball 1-0: Called Strike 1-1: TRIPLE (Line Drive, 89XD, EV 110.0 MPH)
|
Batting: RHB Jim Smallwood
|
0-0: Ball 1-0: Foul Ball, location: 2F 1-1: Called Strike 1-2: Foul Ball, location: 2F 1-2: Foul Ball, location: 2F 1-2: SINGLE (Groundball, 6S, EV 64.4 MPH) (infield hit) Emmet Brickowski scores
|
Batting: LHB Henry Huezo
|
0-0: Foul Ball, location: 2F 0-1: Swinging Strike 0-2: Foul Ball, location: 2F 0-2: Ball Jim Smallwood steals 2nd base 1-2: Ball 2-2: Strikes out swinging
|
Batting: RHB Hikaru Nakata
|
0-0: Called Strike 0-1: Ball 1-1: Fly out, F7 (Flyball, 7LM, EV 106.9 MPH)
|
Top of the 2nd over - 1 run, 2 hits, 0 errors, 1 left on base; Miami Beach 2 - Americus 0 |
BOTTOM OF THE 2ND |
Americus Braves batting - Pitching for Miami Beach Marlins : RHP Leon Valle
|
Batting: RHB Yutaka Yamane
|
0-0: Foul Ball, location: 2F 0-1: Ball 1-1: Ball 2-1: Ball 3-1: Called Strike 3-2: Fly out, F9 (Line Drive, 9S, EV 88.1 MPH)
|
Batting: RHB Ricardo Joya
|
0-0: Ball 1-0: Called Strike 1-1: Ball 2-1: Ball 3-1: Foul Ball, location: 2F 3-2: Foul Ball, location: 2F 3-2: Base on Balls
|
Batting: RHB Wilson Salgado
|
0-0: Fielders Choice at 2nd, 4-6 (Groundball, 4, EV 84.4 MPH)
|
Batting: RHB James Anderson
|
0-0: Called Strike 0-1: Ball 1-1: Called Strike 1-2: Foul Ball, location: 2F 1-2: Ball 2-2: Strikes out swinging
|
Bottom of the 2nd over - 0 runs, 0 hits, 0 errors, 1 left on base; Miami Beach 2 - Americus 0 |
TOP OF THE 3RD |
Miami Beach Marlins batting - Pitching for Americus Braves : RHP Jose Clemente
|
Batting: RHB Melvin Nava
|
0-0: Ball 1-0: Ball 2-0: Called Strike 2-1: Swinging Strike 2-2: Strikes out swinging
|
Batting: RHB Scott Talbot
|
0-0: Ball 1-0: Foul Ball, location: 2F 1-1: Ball 2-1: Ball 3-1: Foul Ball, location: 2F 3-2: Foul Ball, location: 2F 3-2: Base on Balls
|
Batting: RHB Orlando Melendres
|
0-0: Called Strike 0-1: Foul Ball, location: 2F 0-2: Ball 1-2: Ball 2-2: Strikes out swinging
|
Batting: RHB Troy Bush
|
0-0: Called Strike 0-1: Called Strike 0-2: Fielders Choice at 2nd, 5-4 (Groundball, 5D, EV 88.8 MPH)
|
Top of the 3rd over - 0 runs, 0 hits, 0 errors, 1 left on base; Miami Beach 2 - Americus 0 |
BOTTOM OF THE 3RD |
Americus Braves batting - Pitching for Miami Beach Marlins : RHP Leon Valle
|
Batting: RHB Paul Holland
|
0-0: Called Strike 0-1: Called Strike 0-2: Foul Ball, location: 2F 0-2: Ball 1-2: Strikes out swinging
|
Batting: RHB Alex Guerra
|
0-0: Swinging Strike 0-1: Foul Ball, location: 2F 0-2: Strikes out swinging
|
Batting: RHB Danny Dimas
|
0-0: Swinging Strike 0-1: Ground out 1-3 (Groundball, 13S, EV 68.8 MPH)
|
Bottom of the 3rd over - 0 runs, 0 hits, 0 errors, 0 left on base; Miami Beach 2 - Americus 0 |
TOP OF THE 4TH |
Miami Beach Marlins batting - Pitching for Americus Braves : RHP Jose Clemente
|
Batting: RHB Kazumi Inouye
|
0-0: Ball 1-0: Called Strike 1-1: Called Strike 1-2: Foul Ball, location: 2F 1-2: Ball 2-2: Ball 3-2: Strikes out swinging
|
Batting: SHB Emmet Brickowski
|
0-0: Swinging Strike 0-1: Foul Ball, location: 2F 0-2: Ball 1-2: Ball 2-2: Fly out, F7 (Flyball, 7LM, EV 98.1 MPH)
|
Batting: RHB Jim Smallwood
|
0-0: Ground out 5-3 (Groundball, 56, EV 101.2 MPH)
|
Top of the 4th over - 0 runs, 0 hits, 0 errors, 0 left on base; Miami Beach 2 - Americus 0 |
BOTTOM OF THE 4TH |
Americus Braves batting - Pitching for Miami Beach Marlins : RHP Leon Valle
|
Batting: LHB Ivan Castillo
|
0-0: Ground out U3 (Groundball, 3, EV 98.8 MPH)
|
Batting: RHB Carlos Livas
|
0-0: SINGLE (Line Drive, 3L, EV 94.4 MPH)
|
Batting: RHB Yutaka Yamane
|
0-0: Called Strike 0-1: Foul Ball, location: 2F 0-2: Ball 1-2: Foul Ball, location: 2F 1-2: Hit by Pitch Carlos Livas to second
|
Batting: RHB Ricardo Joya
|
0-0: Ball 1-0: Foul Ball, location: 2F 1-1: Fly out, F8 (Flyball, 89D, EV 81.9 MPH) Runner from 2nd tags up, SAFE at 3rd, no throw by CF
|
Batting: RHB Wilson Salgado
|
0-0: Ball 1-0: Fly out, F7 (Line Drive, 7LM, EV 94.4 MPH)
|
Bottom of the 4th over - 0 runs, 1 hit, 0 errors, 2 left on base; Miami Beach 2 - Americus 0 |
TOP OF THE 5TH |
Miami Beach Marlins batting - Pitching for Americus Braves : RHP Jose Clemente
|
Batting: LHB Henry Huezo
|
0-0: Foul Ball, location: 2F 0-1: Foul Ball, location: 2F 0-2: Ball 1-2: Strikes out swinging
|
Batting: RHB Hikaru Nakata
|
0-0: Ball 1-0: Ground out 1-3 (Groundball, 13S, EV 68.1 MPH)
|
Batting: RHB Melvin Nava
|
0-0: Ball 1-0: Fly out, F8 (Flyball, 8LM, EV 90.0 MPH)
|
Top of the 5th over - 0 runs, 0 hits, 0 errors, 0 left on base; Miami Beach 2 - Americus 0 |
BOTTOM OF THE 5TH |
Americus Braves batting - Pitching for Miami Beach Marlins : RHP Leon Valle
|
Batting: RHB James Anderson
|
0-0: Ball 1-0: SINGLE (Flyball, 56D, EV 95.0 MPH)
|
Batting: RHB Paul Holland
|
0-0: Ball 1-0: Foul Ball, location: 2F 1-1: Foul Ball, location: 2F 1-2: Ball 2-2: Grounds into double play, 6-4-3 (Groundball, 6, EV 100.6 MPH)
|
Batting: RHB Alex Guerra
|
0-0: Called Strike 0-1: Ball 1-1: Ball 2-1: Ball 3-1: Foul Ball, location: 2F 3-2: Strikes out swinging
|
Bottom of the 5th over - 0 runs, 1 hit, 0 errors, 0 left on base; Miami Beach 2 - Americus 0 |
TOP OF THE 6TH |
Miami Beach Marlins batting - Pitching for Americus Braves : RHP Jose Clemente
|
Batting: RHB Scott Talbot
|
0-0: Ball 1-0: Called Strike 1-1: Foul Ball, location: 2F 1-2: Ball 2-2: Foul Ball, location: 2F 2-2: Ball 3-2: Ground out 5-3 (Groundball, 56, EV 102.5 MPH)
|
Batting: RHB Orlando Melendres
|
0-0: Ball 1-0: Ball 2-0: Swinging Strike 2-1: Ball 3-1: Base on Balls
|
Batting: RHB Troy Bush
|
0-0: Ball 1-0: Ball 2-0: Foul Ball, location: 2F 2-1: Foul Ball, location: 2F 2-2: Strikes out swinging
|
Batting: RHB Kazumi Inouye
|
0-0: Hit by Pitch Orlando Melendres to second
|
Batting: SHB Emmet Brickowski
|
0-0: Ball 1-0: Ground out 4-3 (Groundball, 4MD, EV 103.8 MPH)
|
Top of the 6th over - 0 runs, 0 hits, 0 errors, 2 left on base; Miami Beach 2 - Americus 0 |
BOTTOM OF THE 6TH |
Americus Braves batting - Pitching for Miami Beach Marlins : RHP Leon Valle
|
Batting: RHB Danny Dimas
|
0-0: Ball 1-0: Called Strike 1-1: Ground out 6-3 (Groundball, 6, EV 78.8 MPH)
|
Batting: LHB Ivan Castillo
|
0-0: SINGLE (Line Drive, 5D, EV 103.8 MPH)
|
Batting: RHB Carlos Livas
|
0-0: Called Strike 0-1: Fielders Choice at 2nd, 6-4 (Groundball, 6, EV 80.6 MPH)
|
Batting: RHB Yutaka Yamane
|
0-0: Ball 1-0: Called Strike 1-1: Fielders Choice at 2nd, 6-4 (Groundball, 6, EV 98.1 MPH)
|
Bottom of the 6th over - 0 runs, 1 hit, 0 errors, 1 left on base; Miami Beach 2 - Americus 0 |
TOP OF THE 7TH |
Miami Beach Marlins batting - Pitching for Americus Braves : RHP Jose Clemente
|
Batting: RHB Jim Smallwood
|
0-0: Called Strike 0-1: SOLO HOME RUN (Flyball, 9LD, EV 97.5 MPH), Distance : 350 ft
|
Batting: LHB Henry Huezo
|
0-0: Ball 1-0: Called Strike 1-1: Foul Ball, location: 2F 1-2: Ball 2-2: Strikes out swinging
|
Pitching: RHP Andrew Stanek
|
|
Batting: RHB Hikaru Nakata
|
0-0: Ball 1-0: Foul Ball, location: 2F 1-1: Ball 2-1: Fly out, F3 (Popup, 23F, EV 90.0 MPH)
|
Batting: RHB Melvin Nava
|
0-0: Called Strike 0-1: Ball 1-1: Foul Ball, location: 2F 1-2: Strikes out swinging
|
Top of the 7th over - 1 run, 1 hit, 0 errors, 0 left on base; Miami Beach 3 - Americus 0 |
BOTTOM OF THE 7TH |
Americus Braves batting - Pitching for Miami Beach Marlins : RHP Leon Valle
|
Batting: RHB Ricardo Joya
|
0-0: Ball 1-0: Ball 2-0: Called Strike 2-1: Ball 3-1: Called Strike 3-2: SINGLE (Flyball, 89S, EV 89.4 MPH)
|
Pitching: RHP Josue Rubio
|
|
Batting: RHB Wilson Salgado
|
0-0: Ball 1-0: SINGLE (Groundball, 6MD, EV 99.4 MPH) Ricardo Joya to second
|
Batting: RHB James Anderson
|
0-0: Foul Ball, location: 2F 0-1: Ball 1-1: Fly out, F9 (Flyball, 89M, EV 76.9 MPH)
|
Batting: RHB Paul Holland
|
0-0: Ball 1-0: Foul Ball, location: 2F 1-1: Ball 2-1: Ball 3-1: Called Strike 3-2: Foul Ball, location: 2F 3-2: Strikes out swinging
|
Pinch Hitting: RHB Roberto Rios
|
0-0: Called Strike 0-1: Swinging Strike 0-2: Strikes out swinging
|
Bottom of the 7th over - 0 runs, 2 hits, 0 errors, 2 left on base; Miami Beach 3 - Americus 0 |
TOP OF THE 8TH |
Miami Beach Marlins batting - Pitching for Americus Braves : RHP Andrew Stanek
|
Now in LF: Aaron Sartini
|
|
Batting: RHB Scott Talbot
|
0-0: Ball 1-0: Ball 2-0: Foul Ball, location: 2F 2-1: Fly out, F7 (Line Drive, 78M, EV 95.6 MPH)
|
Batting: RHB Orlando Melendres
|
0-0: SINGLE (Flyball, 78S, EV 91.2 MPH)
|
Batting: RHB Troy Bush
|
0-0: Called Strike 0-1: Called Strike 0-2: SINGLE (Line Drive, 6D, EV 98.1 MPH) Orlando Melendres to second
|
Batting: RHB Kazumi Inouye
|
0-0: Ball 1-0: Called Strike 1-1: Foul Ball, location: 2F 1-2: Foul Ball, location: 2F 1-2: Grounds into double play, 6-4-3 (Groundball, 6, EV 85.0 MPH)
|
Top of the 8th over - 0 runs, 2 hits, 0 errors, 1 left on base; Miami Beach 3 - Americus 0 |
BOTTOM OF THE 8TH |
Americus Braves batting - Pitching for Miami Beach Marlins : RHP Josue Rubio
|
Batting: RHB Danny Dimas
|
0-0: Foul Ball, location: 2F 0-1: Fly out, F8 (Flyball, 8RM, EV 90.6 MPH)
|
Batting: LHB Ivan Castillo
|
0-0: Called Strike 0-1: Called Strike 0-2: Strikes out swinging
|
Batting: RHB Carlos Livas
|
0-0: Called Strike 0-1: Ball 1-1: Ball 2-1: SINGLE (Line Drive, 89S, EV 110.0 MPH)
|
Pitching: RHP Eric Simons
|
|
Batting: RHB Yutaka Yamane
|
0-0: Called Strike 0-1: Swinging Strike 0-2: Strikes out swinging
|
Bottom of the 8th over - 0 runs, 1 hit, 0 errors, 1 left on base; Miami Beach 3 - Americus 0 |
TOP OF THE 9TH |
Miami Beach Marlins batting - Pitching for Americus Braves : RHP Andrew Stanek
|
Batting: SHB Emmet Brickowski
|
0-0: Ball 1-0: Reached on error, E1 (Groundball, 15S, EV 72.5 MPH)
|
Batting: RHB Jim Smallwood
|
0-0: Intentional Walk
|
Batting: LHB Henry Huezo
|
0-0: Ball 1-0: Reached on error, E1 (Groundball, 13S, EV 43.8 MPH) Emmet Brickowski scores Jim Smallwood to third
|
Batting: RHB Hikaru Nakata
|
0-0: Ball 1-0: Hit by Pitch
|
Batting: RHB Melvin Nava
|
0-0: Foul Ball, location: 2F 0-1: Foul Ball, location: 2F 0-2: Foul Ball, location: 2F 0-2: Strikes out swinging
|
Batting: RHB Scott Talbot
|
0-0: Called Strike 0-1: Ball 1-1: Swinging Strike 1-2: Foul Ball, location: 2F 1-2: Foul Ball, location: 2F 1-2: Ball 2-2: Strikes out swinging
|
Batting: RHB Orlando Melendres
|
0-0: Ball 1-0: GRAND SLAM HOME RUN (Flyball, 7LD, EV 94.4 MPH), Distance : 345 ft
|
Batting: RHB Troy Bush
|
0-0: Called Strike 0-1: Ground out 4-3 (Groundball, 34, EV 108.8 MPH)
|
Top of the 9th over - 5 runs, 1 hit, 2 errors, 0 left on base; Miami Beach 8 - Americus 0 |
BOTTOM OF THE 9TH |
Americus Braves batting - Pitching for Miami Beach Marlins : RHP Eric Simons
|
Batting: RHB Ricardo Joya
|
0-0: Foul Ball, location: 2F 0-1: Called Strike 0-2: Foul Ball, location: 2F 0-2: Strikes out swinging
|
Batting: RHB Wilson Salgado
|
0-0: Called Strike 0-1: Fly out, F5 (Popup, 25, EV 88.1 MPH)
|
Batting: RHB James Anderson
|
0-0: Foul Ball, location: 2F 0-1: Ball 1-1: Ball 2-1: Called Strike 2-2: Strikes out swinging
|
Bottom of the 9th over - 0 runs, 0 hits, 0 errors, 0 left on base; Miami Beach 8 - Americus 0 |
|